TOP OF THE 1ST |
Louisiana State University Tigers batting - Pitching for Coastal Carolina University Chanticleers : RHP Guy Jerome
|
Pitching: RHP Guy Jerome
|
|
Batting: RHB Andy Jamison
|
0-0: Ball 1-0: Ground out 6-3 (Groundball, 6, EV 88.1 MPH)
|
Batting: LHB Bob Govella
|
0-0: Swinging Strike 0-1: Ball 1-1: Foul Ball, location: 2F 1-2: Ball 2-2: Ball 3-2: Strikes out swinging
|
Batting: RHB Richard Saquic
|
0-0: Ball 1-0: Ball 2-0: Swinging Strike 2-1: Foul Ball, location: 2F 2-2: Fly out, F8 (Flyball, 8LD, EV 105.0 MPH)
|
Top of the 1st over - 0 runs, 0 hits, 0 errors, 0 left on base; Louisiana State University 0 - Coastal Carolina University 0 |
BOTTOM OF THE 1ST |
Coastal Carolina University Chanticleers batting - Pitching for Louisiana State University Tigers : RHP Ryan Van Riper
|
Pitching: RHP Ryan Van Riper
|
|
Batting: RHB Robby Herrera
|
0-0: Swinging Strike 0-1: Ground out 6-3 (Groundball, 56, EV 93.8 MPH)
|
Now at SS: Edgar Cuesta
|
|
Batting: SHB Brian Zazulak
|
0-0: Swinging Strike 0-1: Ball 1-1: Called Strike 1-2: Ball 2-2: Ball 3-2: Ground out 4-3 (Groundball, 4, EV 80.6 MPH)
|
Batting: LHB Leo Puentes
|
0-0: Called Strike 0-1: SINGLE (Groundball, 4MD, EV 106.3 MPH)
|
Batting: SHB Chris Kennedy
|
0-0: Ball 1-0: Foul Ball, location: 2F 1-1: Ball 2-1: Called Strike 2-2: SINGLE (Line Drive, 78S, EV 94.4 MPH) Leo Puentes to second
|
Batting: RHB Dave de Wolff
|
0-0: Ball 1-0: Ball Wild Pitch! Leo Puentes to third Chris Kennedy to second 2-0: Ball 3-0: Reached on error, E5 (Groundball, 5, EV 86.3 MPH) Leo Puentes scores Chris Kennedy to third
|
Batting: RHB Randy Welsh
|
0-0: Ground out U3 (Groundball, 3, EV 83.8 MPH)
|
Bottom of the 1st over - 1 run, 2 hits, 1 error, 2 left on base; Louisiana State University 0 - Coastal Carolina University 1 |
TOP OF THE 2ND |
Louisiana State University Tigers batting - Pitching for Coastal Carolina University Chanticleers : RHP Guy Jerome
|
Batting: RHB David Lobacz
|
0-0: Ball 1-0: Ground out 5-3 (Groundball, 56S, EV 68.8 MPH)
|
Batting: SHB Noah Long
|
0-0: Ball 1-0: Ball 2-0: Foul Ball, location: 2F 2-1: Ball 3-1: Base on Balls
|
Batting: SHB Fernando Solano
|
0-0: Called Strike 0-1: Ball 1-1: Fly out, F7 (Flyball, 7D, EV 95.0 MPH)
|
Batting: RHB Dennis Cox
|
0-0: Ball 1-0: Called Strike 1-1: Fielders Choice at 2nd, 5-4 (Groundball, 56, EV 88.1 MPH)
|
Top of the 2nd over - 0 runs, 0 hits, 0 errors, 1 left on base; Louisiana State University 0 - Coastal Carolina University 1 |
BOTTOM OF THE 2ND |
Coastal Carolina University Chanticleers batting - Pitching for Louisiana State University Tigers : RHP Ryan Van Riper
|
Batting: RHB Jay Hickman
|
0-0: Ball 1-0: Foul Ball, location: 2F 1-1: Ball 2-1: Ground out 6-3 (Groundball, 6, EV 85.0 MPH)
|
Batting: RHB Masakuni Takeuchi
|
0-0: Called Strike 0-1: Foul Ball, location: 2F 0-2: Foul Ball, location: 2F 0-2: Foul Ball, location: 2F 0-2: Ball 1-2: Strikes out looking
|
Batting: SHB David Pettite
|
0-0: Ball 1-0: Ground out 4-3 (Groundball, 4, EV 103.8 MPH)
|
Bottom of the 2nd over - 0 runs, 0 hits, 0 errors, 0 left on base; Louisiana State University 0 - Coastal Carolina University 1 |
TOP OF THE 3RD |
Louisiana State University Tigers batting - Pitching for Coastal Carolina University Chanticleers : RHP Guy Jerome
|
Batting: SHB Jose Melendez
|
0-0: DOUBLE (Line Drive, 8RD, EV 98.1 MPH)
|
Batting: SHB Eric Pendergast
|
0-0: Fly out, F8 (Flyball, 8RM, EV 89.4 MPH)
|
Batting: RHB Edgar Cuesta
|
0-0: Foul Ball, location: 2F 0-1: Ball 1-1: Ball 2-1: Ball 3-1: Ground out 5-3 (Groundball, 5L, EV 81.9 MPH)
|
Batting: LHB Bob Govella
|
0-0: Ball 1-0: Called Strike 1-1: DOUBLE (Line Drive, 8LD, EV 106.9 MPH) Jose Melendez scores
|
Batting: RHB Richard Saquic
|
0-0: Ball 1-0: Ground out 3-1 (Groundball, 34S, EV 87.5 MPH)
|
Top of the 3rd over - 1 run, 2 hits, 0 errors, 1 left on base; Louisiana State University 1 - Coastal Carolina University 1 |
BOTTOM OF THE 3RD |
Coastal Carolina University Chanticleers batting - Pitching for Louisiana State University Tigers : RHP Ryan Van Riper
|
Batting: RHB Robby Herrera
|
0-0: Ball 1-0: Ball 2-0: Ground out 5-3 (Groundball, 56S, EV 89.4 MPH)
|
Batting: SHB Brian Zazulak
|
0-0: Foul Ball, location: 2F 0-1: Ground out 4-3 (Groundball, 4, EV 102.5 MPH)
|
Batting: LHB Leo Puentes
|
0-0: Fly out, F8 (Line Drive, 8RD, EV 98.1 MPH)
|
Bottom of the 3rd over - 0 runs, 0 hits, 0 errors, 0 left on base; Louisiana State University 1 - Coastal Carolina University 1 |
TOP OF THE 4TH |
Louisiana State University Tigers batting - Pitching for Coastal Carolina University Chanticleers : RHP Guy Jerome
|
Batting: RHB David Lobacz
|
0-0: Ball 1-0: Ball 2-0: Ball 3-0: Base on Balls
|
Batting: SHB Noah Long
|
0-0: Foul Ball, location: 2F 0-1: Ball 1-1: Called Strike 1-2: Fly out, F7 (Flyball, 7LM, EV 92.5 MPH)
|
Batting: SHB Fernando Solano
|
0-0: Called Strike 0-1: Ball 1-1: Ball 2-1: Ball 3-1: Foul Ball, location: 2F 3-2: Foul Ball, location: 2F 3-2: SINGLE (Line Drive, 56D, EV 108.8 MPH) David Lobacz to second
|
Batting: RHB Dennis Cox
|
0-0: DOUBLE (Line Drive, 78D, EV 105.0 MPH) David Lobacz scores Fernando Solano to third Runner from 3rd tries for Home, SAFE, throw by LF to trailing runner, SAFE at third!
|
Batting: SHB Jose Melendez
|
0-0: Called Strike 0-1: Ball 1-1: Ball 2-1: Ball 3-1: Foul Ball, location: 2F 3-2: Foul Ball, location: 2F 3-2: Strikes out swinging
|
Batting: SHB Eric Pendergast
|
0-0: Ground out 4-3 (Groundball, 4M, EV 103.8 MPH)
|
Top of the 4th over - 2 runs, 2 hits, 0 errors, 1 left on base; Louisiana State University 3 - Coastal Carolina University 1 |
BOTTOM OF THE 4TH |
Coastal Carolina University Chanticleers batting - Pitching for Louisiana State University Tigers : RHP Ryan Van Riper
|
Batting: SHB Chris Kennedy
|
0-0: Foul Ball, location: 2F 0-1: Ball 1-1: SINGLE (Groundball, 34D, EV 106.9 MPH)
|
Batting: RHB Dave de Wolff
|
0-0: Called Strike 0-1: Ball 1-1: Swinging Strike 1-2: Strikes out swinging
|
Batting: RHB Randy Welsh
|
0-0: Ball 1-0: Foul Ball, location: 2F 1-1: Called Strike 1-2: Fielders Choice at 2nd, 5-4 (Groundball, 56, EV 82.5 MPH)
|
Batting: RHB Jay Hickman
|
0-0: Called Strike 0-1: Called Strike 0-2: Strikes out swinging
|
Bottom of the 4th over - 0 runs, 1 hit, 0 errors, 1 left on base; Louisiana State University 3 - Coastal Carolina University 1 |
TOP OF THE 5TH |
Louisiana State University Tigers batting - Pitching for Coastal Carolina University Chanticleers : RHP Guy Jerome
|
Pitching: RHP Matt Elliott
|
|
Batting: RHB Edgar Cuesta
|
0-0: Ball 1-0: Foul Ball, location: 2F 1-1: Ball 2-1: Ground out 1-3 (Groundball, 15S, EV 63.1 MPH)
|
Batting: LHB Bob Govella
|
0-0: Called Strike 0-1: Ball 1-1: Foul Ball, location: 2F 1-2: Foul Ball, location: 2F 1-2: Fly out, F9 (Flyball, 89S, EV 86.9 MPH)
|
Batting: RHB Richard Saquic
|
0-0: Called Strike 0-1: Ball 1-1: Fly out, F8 (Flyball, 8RD, EV 88.1 MPH)
|
Top of the 5th over - 0 runs, 0 hits, 0 errors, 0 left on base; Louisiana State University 3 - Coastal Carolina University 1 |
BOTTOM OF THE 5TH |
Coastal Carolina University Chanticleers batting - Pitching for Louisiana State University Tigers : RHP Ryan Van Riper
|
Pitching: RHP Jitrendra Nerurkar
|
|
Batting: RHB Masakuni Takeuchi
|
0-0: Ground out U3 (Groundball, 13, EV 79.4 MPH)
|
Batting: SHB David Pettite
|
0-0: Ball 1-0: Ball 2-0: Ball 3-0: Base on Balls
|
Pinch Hitting: RHB Ricky Santana
|
0-0: Called Strike 0-1: Ball 1-1: Fielders Choice at 2nd, 1-4 (Groundball, P, EV 73.1 MPH)
|
Batting: SHB Brian Zazulak
|
0-0: Ball 1-0: Ball 2-0: Fly out, F7 (Flyball, 7D, EV 102.5 MPH)
|
Bottom of the 5th over - 0 runs, 0 hits, 0 errors, 1 left on base; Louisiana State University 3 - Coastal Carolina University 1 |
TOP OF THE 6TH |
Louisiana State University Tigers batting - Pitching for Coastal Carolina University Chanticleers : RHP Matt Elliott
|
Now at 2B: Avariyas Vipin
|
|
Batting: RHB David Lobacz
|
0-0: Ground out 6-3 (Groundball, 56, EV 101.3 MPH)
|
Batting: SHB Noah Long
|
0-0: Swinging Strike 0-1: Ball 1-1: Ball 2-1: Swinging Strike 2-2: Ball 3-2: Foul Ball, location: 2F 3-2: Strikes out swinging
|
Batting: SHB Fernando Solano
|
0-0: Ball 1-0: Foul Ball, location: 2F 1-1: Ball 2-1: Called Strike 2-2: Fly out, F8 (Line Drive, 8LM, EV 92.5 MPH)
|
Top of the 6th over - 0 runs, 0 hits, 0 errors, 0 left on base; Louisiana State University 3 - Coastal Carolina University 1 |
BOTTOM OF THE 6TH |
Coastal Carolina University Chanticleers batting - Pitching for Louisiana State University Tigers : RHP Jitrendra Nerurkar
|
Batting: LHB Leo Puentes
|
0-0: Ball 1-0: Ball 2-0: Swinging Strike 2-1: Ball 3-1: Foul Ball, location: 2F 3-2: Fly out, F8 (Line Drive, 8RM, EV 94.4 MPH)
|
Batting: SHB Chris Kennedy
|
0-0: Called Strike 0-1: Foul Ball, location: 2F 0-2: Strikes out swinging
|
Batting: RHB Dave de Wolff
|
0-0: Ball 1-0: Foul Ball, location: 2F 1-1: Ball 2-1: Called Strike 2-2: Ball 3-2: Foul Ball, location: 2F 3-2: Strikes out looking
|
Bottom of the 6th over - 0 runs, 0 hits, 0 errors, 0 left on base; Louisiana State University 3 - Coastal Carolina University 1 |
TOP OF THE 7TH |
Louisiana State University Tigers batting - Pitching for Coastal Carolina University Chanticleers : RHP Matt Elliott
|
Pitching: RHP Alfons Gulbrandsson
|
|
Pinch Hitting: SHB John Pullen
|
0-0: Ball 1-0: Called Strike 1-1: Ground out 1-3 (Groundball, P, EV 64.4 MPH)
|
Batting: SHB Jose Melendez
|
0-0: Swinging Strike 0-1: Foul Ball, location: 2F 0-2: Ball 1-2: Strikes out swinging
|
Batting: SHB Eric Pendergast
|
0-0: Ball 1-0: Ball 2-0: SINGLE (Flyball, 6D, EV 96.3 MPH)
|
Batting: RHB Edgar Cuesta
|
0-0: Called Strike 0-1: Foul Ball, location: 2F 0-2: Ball 1-2: Ball 2-2: Ground out 6-3 (Groundball, 6S, EV 86.9 MPH)
|
Top of the 7th over - 0 runs, 1 hit, 0 errors, 1 left on base; Louisiana State University 3 - Coastal Carolina University 1 |
BOTTOM OF THE 7TH |
Coastal Carolina University Chanticleers batting - Pitching for Louisiana State University Tigers : RHP Jitrendra Nerurkar
|
Pitching: RHP Jon Spears
|
|
Now in LF: Francisco Ruiz
|
|
Batting: RHB Randy Welsh
|
0-0: Called Strike 0-1: Called Strike 0-2: Strikes out swinging
|
Pinch Hitting: SHB Gustavo Froio
|
0-0: Called Strike 0-1: SINGLE (Groundball, 34S, EV 65.0 MPH) (infield hit)
|
Batting: RHB Mike Hendricks
|
0-0: Ball 1-0: Foul Ball, location: 2F 1-1: Swinging Strike 1-2: Ball 2-2: Foul Ball, location: 2F 2-2: Strikes out looking
|
Pinch Hitting: RHB Josh Harden
|
0-0: Called Strike 0-1: Swinging Strike 0-2: Strikes out swinging
|
Bottom of the 7th over - 0 runs, 1 hit, 0 errors, 1 left on base; Louisiana State University 3 - Coastal Carolina University 1 |
TOP OF THE 8TH |
Louisiana State University Tigers batting - Pitching for Coastal Carolina University Chanticleers : RHP Alfons Gulbrandsson
|
Now at 3B: Gustavo Froio
|
|
Now in CF: Josh Harden
|
|
Pinch Hitting: RHB Bill Crogan
|
0-0: Swinging Strike 0-1: Called Strike 0-2: Ball 1-2: SOLO HOME RUN (Flyball, 7LD, EV 94.4 MPH), Distance : 363 ft
|
Pinch Hitting: SHB Emmet Brickowski
|
0-0: Ball 1-0: Ball 2-0: Ball 3-0: Called Strike 3-1: Base on Balls
|
Pinch Hitting: RHB Warren Carmichael
|
0-0: Called Strike Emmet Brickowski steals 2nd base 0-1: Ball 1-1: Called Strike Emmet Brickowski steals 3rd base 1-2: Foul Ball, location: 2F 1-2: Ball Wild Pitch! Emmet Brickowski scores 2-2: Foul Ball, location: 2F 2-2: Ball 3-2: SINGLE (Groundball, 13S, EV 72.5 MPH) (infield hit)
|
Batting: SHB Ryan Marsh
|
0-0: Ball 1-0: Foul Ball, location: 2F 1-1: Ball Wild Pitch! Warren Carmichael to second 2-1: Foul Ball, location: 2F 2-2: Ball 3-2: Ground out 3-1 (Groundball, 34, EV 85.0 MPH) Warren Carmichael to third
|
Batting: SHB Fernando Solano
|
0-0: Ball 1-0: Ground out 6-3 (Groundball, 6M, EV 88.1 MPH) Warren Carmichael scores
|
Pinch Hitting: LHB Adam De Bello
|
0-0: Ball 1-0: Swinging Strike 1-1: Ball 2-1: Ball 3-1: Foul Ball, location: 2F 3-2: Strikes out looking
|
Top of the 8th over - 3 runs, 2 hits, 0 errors, 0 left on base; Louisiana State University 6 - Coastal Carolina University 1 |
BOTTOM OF THE 8TH |
Coastal Carolina University Chanticleers batting - Pitching for Louisiana State University Tigers : RHP Jon Spears
|
Now at 1B: Elijah Loetzsch
|
|
Now at 2B: Bob Ortiz
|
|
Now in LF: Lourens Aukema
|
|
Now in RF: Garrett Moreau
|
|
Pinch Hitting: LHB Harumi Aoki
|
0-0: Foul Ball, location: 2F 0-1: Ball 1-1: Ground out 5-3 (Groundball, 5, EV 83.1 MPH)
|
Batting: SHB Brian Zazulak
|
0-0: DOUBLE (Groundball, 5L, EV 106.9 MPH)
|
Pinch Hitting: LHB Joe Megee
|
0-0: Ball 1-0: Foul Ball, location: 2F 1-1: Ball 2-1: Ground out 1-3 (Groundball, 15S, EV 63.1 MPH)
|
Pinch Hitting: RHB Shane Garcia
|
0-0: Swinging Strike 0-1: Ball 1-1: Foul Ball, location: 2F 1-2: Strikes out swinging
|
Bottom of the 8th over - 0 runs, 1 hit, 0 errors, 1 left on base; Louisiana State University 6 - Coastal Carolina University 1 |
TOP OF THE 9TH |
Louisiana State University Tigers batting - Pitching for Coastal Carolina University Chanticleers : RHP Alfons Gulbrandsson
|
Pitching: RHP Ed Ernst
|
|
Now at 1B: Shane Garcia
|
|
Now at 2B: Michael Rodriguez
|
|
Now in LF: Joe Megee
|
|
Pinch Hitting: LHB Ângelo Schwn
|
0-0: Reached on error, E5 (Flyball, 56D, EV 90.6 MPH)
|
Pinch Hitting: RHB Eddie Ramirez
|
0-0: Ball 1-0: Reached on error, E6 (Groundball, 6, EV 102.5 MPH) Ângelo Schwn to second
|
Pinch Hitting: SHB Mario Mercado
|
0-0: Bunt missed! 0-1: Bunt missed! 0-2: Foul Ball, location: 2F 0-2: Strikes out looking
|
Batting: RHB Bob Ortiz
|
0-0: Swinging Strike 0-1: DOUBLE (Groundball, 3L, EV 110.0 MPH) Ângelo Schwn scores Eddie Ramirez to third Runner from 3rd tries for Home, SAFE, no throw by RF
|
Pinch Hitting: RHB Xavier Kingman
|
0-0: Ball 1-0: Called Strike 1-1: Called Strike 1-2: Ball 2-2: Foul Ball, location: 2F 2-2: Ball 3-2: DOUBLE (Line Drive, 8LD, EV 105.6 MPH) Bob Ortiz scores
|
Pinch Hitting: RHB Zach Craft
|
0-0: Foul Ball, location: 2F 0-1: Ball 1-1: Swinging Strike 1-2: Ground out 5-3 (Groundball, 56, EV 87.5 MPH)
|
Batting: SHB Ryan Marsh
|
0-0: Ball 1-0: Foul Ball, location: 2F 1-1: Ground out 5-3 (Groundball, 5, EV 91.9 MPH)
|
Top of the 9th over - 3 runs, 2 hits, 2 errors, 1 left on base; Louisiana State University 9 - Coastal Carolina University 1 |
BOTTOM OF THE 9TH |
Coastal Carolina University Chanticleers batting - Pitching for Louisiana State University Tigers : RHP Jon Spears
|
Now at 1B: Jesus Esquivel
|
|
Now at 3B: Ângelo Schwn
|
|
Now at SS: Mario Mercado
|
|
Now in CF: Eddie Ramirez
|
|
Now in RF: Chris Golden
|
|
Pinch Hitting: LHB Jared Zulkowski
|
0-0: Fly out, F7 (Flyball, 7, EV 96.3 MPH)
|
Pinch Hitting: RHB Matt Hansen
|
0-0: Ground out 6-3 (Groundball, 6, EV 110.6 MPH)
|
Pinch Hitting: RHB Tom Murdock
|
0-0: Ball 1-0: Ball 2-0: Foul Ball, location: 2F 2-1: Foul Ball, location: 2F 2-2: Foul Ball, location: 2F 2-2: Strikes out looking
|
Bottom of the 9th over - 0 runs, 0 hits, 0 errors, 0 left on base; Louisiana State University 9 - Coastal Carolina University 1 |
|